 Dungeon Crawl Stone Soup version 0.17.1-3-g152610e (webtiles) character file.

6269 PentaManta the Transmogrifier (level 10, -7/76 HPs)
             Began as a Merfolk Transmuter on Mar 1, 2016.
             Was a High Priest of Okawaru.
             Mangled by a spiny frog (21 damage)
             ... on level 1 of the Lair of Beasts.
             The game lasted 01:15:24 (10723 turns).

PentaManta the Transmogrifier (Merfolk Transmuter) Turns: 10723, Time: 01:15:24

Health: -7/76      AC:  5    Str: 15    XL:     10   Next: 94%
Magic:  13/17      EV: 18    Int: 15    God:    Okawaru [*****.]
Gold:   800        SH:  0    Dex: 15    Spells: 3 memorised, 7 levels left

rFire  . . .     SeeInvis +       - Unarmed
rCold  . . .     Clarity  .     l - +2 robe {rN+}
rNeg   + . .     SustAt   .     (shield currently unavailable)
rPois  +         Gourm    .     O - +1 hat
rElec  .         Spirit   .     (no cloak)
rCorr  .         Warding  .     (gloves currently unavailable)
rMut   .         Stasis   .     (no boots)
MR     .....                    F - amulet of rage
Stlth  +++.......               q - +4 ring of strength
                                d - ring of poison resistance

@: blade hands (expiring), not resistant to hostile enchantments, fairly
stealthy
A: change form in water, swift swim, see invisible
a: End Transformation, Heroism, Finesse, Renounce Religion, Evoke Berserk Rage


You were on level 1 of the Lair of Beasts.
You worshipped Okawaru.
Okawaru was extremely pleased with you.
You were hungry.
You had blades for hands.
You visited 3 branches of the dungeon, and saw 10 of its levels.
You also visited: Ossuary.

You collected 800 gold pieces.

Inventory:

Missiles
 I - 36 arrows
Armour
 g - a +0 robe
 l - a +2 robe of positive energy (worn)
 n - a +1 shield of positive energy
 x - a +0 pair of gloves (melded)
 O - a +1 hat (worn)
Jewellery
 d - a ring of poison resistance (left scythe-like blade)
 q - a +4 ring of strength (right scythe-like blade)
 w - an uncursed ring of sustain attributes
 F - an amulet of rage (around neck)
Wands
 f - a wand of disintegration (12)
 k - a wand of confusion (28)
 m - a wand of slowing (21)
 p - a wand of frost (19)
 z - a wand of confusion (45)
 A - a wand of random effects (29)
 B - a wand of paralysis (5)
 D - a wand of magic darts (28)
 H - a wand of teleportation (3)
 J - a wand of random effects (27)
 K - a wand of digging (10)
 L - a wand of confusion (20)
 M - a wand of random effects (30)
 N - a wand of fireball (9)
Scrolls
 h - 5 scrolls of remove curse
 i - a scroll of amnesia
 j - 2 scrolls of enchant weapon
 u - a scroll of teleportation
 v - a scroll of identify
 y - 3 scrolls of magic mapping
Potions
 a - 4 potions of berserk rage
 b - a potion of haste
 e - 2 potions of might
 t - 5 potions of heal wounds
 C - 6 potions of curing
 E - a potion of invisibility
 G - a potion of agility
Books
 c - a book of Changes

   Spells                             Type                      Level
   a - Beastly Appendage              Transmutation                1
   b - Sticks to Snakes               Transmutation                2
   c - Spider Form                    Transmutation/Poison         3
   d - Ice Form                       Ice/Transmutation            4
   e - Blade Hands                    Transmutation                5
 s - a book of Envenomations

   Spells                             Type                      Level
   a - Spider Form                    Transmutation/Poison         3
   b - Alistair's Intoxication        Transmutation/Poison         4
   c - Olgreb's Toxic Radiance        Poison                       4
   d - Poisonous Cloud                Conjuration/Poison/Air       6
Comestibles
 o - 5 meat rations
 r - 3 bread rations
 P - 2 chunks of flesh


   Skills:
 - Level 6.0 Fighting
 - Level 0.2 Armour
 - Level 9.0 Dodging
 + Level 5.2 Stealth
 * Level 3.0 Shields
 - Level 10.0 Unarmed Combat
 - Level 5.0 Spellcasting
 - Level 10.0 Transmutations


You had 7 spell levels left.
You knew the following spells:

 Your Spells              Type           Power        Failure   Level  Hunger
a - Ice Form              Ice/Trmt       ###.....     67%         4    ####...
b - Spider Form           Trmt/Pois      ###.......   45%         3    ###....
c - Blade Hands           Trmt           ####......   45%         5    ######.


Dungeon Overview and Level Annotations

Branches:
Dungeon (8/15)             Temple (1/1) D:5            Lair (1/8) D:8

Altars:
Ashenzari
Cheibriados
Dithmenos
Elyvilon
Fedhas
Gozag
Kikubaaqudgha
Makhleb
Nemelex Xobeh
Okawaru
Qazlal
Ru
Sif Muna
Trog
Xom
Yredelemnul
Zin
The Shining One

Shops:
D:6 *


Innate Abilities, Weirdness & Mutations

You revert to your normal form in water.
You are very nimble and swift while swimming.
You have supernaturally acute eyesight.


Message History

A spiny frog comes into view.
The spiny frog croaks.
Casting: Blade Hands
Confirm with . or Enter, or press ? or * to list all spells.
Your hands turn into razor-sharp scythe blades.
Your +0 pair of gloves melds into your body.
You are feeling hungry.
You hit the spiny frog but do no damage.
The spiny frog barely misses you.
You slash the spiny frog!
The spiny frog is moderately wounded.
The spiny frog stings you!
* * * LOW HITPOINT WARNING * * *
You slice the spiny frog!!
The spiny frog is almost dead.
The spiny frog stings you.
* * * LOW HITPOINT WARNING * * *
The spiny frog misses you. The spiny frog misses you.
The spiny frog stings you!!
You die...

##..#...# #.######
#.## #..## #...##
##..P## ### ##....##
##.## ##......#
#...##
##.@.....####....##
#(..F......##P....#
#.................#
#.........#P......##
#.........####......
#.........# ##...#.
#....(....## #..###
#......[...# ##..#
#..........###..##


You could see a spiny frog.

Vanquished Creatures
  A spiny frog (Lair:1)
  A komodo dragon (Lair:1)
  3 blink frogs (Lair:1)
  The ghost of trgk the Covert, an amateur SpEn (Ossuary)
  Eustachio (D:6)
  A hungry ghost (D:7)
  3 hippogriffs (Lair:1)
  2 wolves (Lair:1)
  5 water moccasins
  An orc warrior (D:6)
  3 porcupines (Lair:1)
  3 sky beasts
  Purgy (D:3)
  A wasp (D:8)
  A necrophage (D:7)
  A black bear (D:8)
  3 ogres
  A big kobold (D:8)
  3 centaurs
  2 crocodiles (Lair:1)
  A gnoll sergeant (D:8)
  5 giant frogs
  A scorpion (D:7)
  A wyvern skeleton (D:7)
  7 crimson imps
  A centaur zombie (D:8)
  2 orc priests
  A hound (D:7)
  Natasha (thrice) (D:3)
  7 iguanas
  4 orc wizards
  7 worker ants
  A hound skeleton (D:5)
  A hound zombie (D:7)
  8 mummies (Ossuary)
  9 gnolls
  A worker ant zombie (D:5)
  Robin (D:3)
  6 adders
  5 river rats (Lair:1)
  2 shadow imps
  3 oozes
  4 worms
  5 adder skeletons
  11 giant geckos
  28 orcs
  2 ball pythons
  8 giant cockroaches
  13 goblins
  6 hobgoblins
  4 jackals
  A quokka (D:2)
  7 bats
  A giant cockroach zombie (D:5)
  A giant gecko zombie (D:8)
  6 giant newts
  2 hobgoblin zombies (Ossuary)
  A jackal skeleton (D:4)
  11 kobolds
  4 kobold zombies (Ossuary)
  2 orc zombies (Ossuary)
  A quokka skeleton (D:5)
  7 rats
  4 fungi (D:8)
244 creatures vanquished.

Vanquished Creatures (others)
  2 plants
2 creatures vanquished.

Grand Total: 246 creatures vanquished

Notes
Turn   | Place    | Note
--------------------------------------------------------------
     0 | D:1      | PentaManta the Merfolk Transmuter began the quest for the Orb.
     0 | D:1      | Reached XP level 1. HP: 15/15 MP: 3/3
   141 | D:1      | Reached XP level 2. HP: 18/21 MP: 5/5
  1024 | D:1      | Reached XP level 3. HP: 26/26 MP: 4/6
  1226 | D:1      | Found an iron altar of Okawaru.
  1238 | D:1      | Became a worshipper of Warmaster Okawaru
  1266 | D:1      | Reached skill level 4 in Unarmed Combat
  1310 | D:1      | Learned a level 3 spell: Spider Form
  1417 | D:2      | Gained mutation: You have supernaturally acute eyesight. [potion of mutation]
  1417 | D:2      | Gained mutation: Your mind is acute. (Int +2) [potion of mutation]
  1417 | D:2      | Gained mutation: You have a pair of small horns on your head. [potion of mutation]
  1628 | D:2      | Found a blossoming altar of Fedhas.
  1761 | D:2      | Reached XP level 4. HP: 17/33 MP: 7/7
  2283 | D:3      | Noticed Natasha
  2378 | D:3      | Killed Natasha
  2449 | D:3      | Noticed Purgy
  2462 | D:3      | Killed Purgy
  2462 | D:3      | Reached * piety under Okawaru
  2462 | D:3      | Reached skill level 5 in Dodging
  2462 | D:3      | Reached skill level 5 in Transmutations
  2462 | D:3      | Reached XP level 5. HP: 11/38 MP: 2/8
  3175 | D:3      | Reached XP level 6. HP: 44/44 MP: 5/9
  3354 | D:3      | Noticed Natasha
  3361 | D:3      | Killed Natasha
  3405 | D:3      | Noticed Robin
  3419 | D:3      | Noticed Natasha
  3424 | D:3      | Killed Robin
  3434 | D:3      | Killed Natasha
  3808 | D:4      | Learned a level 5 spell: Blade Hands
  3960 | D:4      | Noticed an ogre
  3970 | D:4      | Killed an ogre
  3970 | D:4      | Reached skill level 6 in Transmutations
  4044 | D:4      | Reached XP level 7. HP: 50/50 MP: 6/11
  4097 | D:4      | Reached skill level 5 in Unarmed Combat
  4565 | D:5      | Entered Level 5 of the Dungeon
  4713 | D:5      | Reached ** piety under Okawaru
  4713 | D:5      | Reached skill level 7 in Transmutations
  4913 | D:5      | Found a staircase to the Ecumenical Temple.
  4985 | D:5      | Found a basalt altar of Yredelemnul.
  4985 | D:5      | Found a sparkling altar of Nemelex Xobeh.
  5140 | D:5      | Found a snail-covered altar of Cheibriados.
  5146 | D:5      | Found a shattered altar of Ashenzari.
  5156 | D:5      | Found a bloodstained altar of Trog.
  5228 | Temple   | Entered the Ecumenical Temple
  5418 | D:6      | Found a shimmering altar of Xom.
  5419 | D:6      | Found a shimmering altar of Xom.
  5419 | D:6      | Found a shimmering altar of Xom.
  5427 | D:6      | Reached XP level 8. HP: 56/56 MP: 3/13
  5432 | D:6      | Found a stormy altar of Qazlal.
  5459 | D:6      | Reached skill level 8 in Transmutations
  5545 | D:6      | Noticed Eustachio
  5572 | D:6      | Killed Eustachio
  5905 | D:6      | Found Ruhath's Assorted Antiques.
  5952 | D:6      | Reached *** piety under Okawaru
  6152 | D:6      | Found a shimmering altar of Xom.
  6155 | D:6      | Found a shimmering altar of Xom.
  6155 | D:6      | Found a shimmering altar of Xom.
  6276 | D:6      | Found a glowing golden altar of the Shining One.
  6428 | D:6      | Reached skill level 9 in Transmutations
  6679 | D:6      | Reached XP level 9. HP: 43/61 MP: 10/15
  6688 | D:6      | Learned a level 4 spell: Ice Form
  6964 | D:7      | Reached skill level 10 in Transmutations
  7093 | D:7      | Reached **** piety under Okawaru
  7282 | D:7      | Reached skill level 5 in Spellcasting
  7709 | D:8      | Found a sand-covered staircase.
  7745 | D:8      | Reached skill level 1 in Stealth
  7802 | Ossuary  | Entered an ossuary
  7879 | Ossuary  | Noticed trgk's ghost (amateur SpEn)
  7889 | Ossuary  | Killed trgk's ghost
  8231 | D:8      | Lost mutation: Your mind is acute. (Int +2) [potion of cure mutation]
  8231 | D:8      | Lost mutation: You have a pair of small horns on your head. [potion of cure mutation]
  8279 | D:8      | Reached skill level 5 in Fighting
  8282 | D:8      | Reached ***** piety under Okawaru
  8289 | D:8      | Received a gift from Okawaru
  8289 | D:8      | Reached XP level 10. HP: 20/74 MP: 13/17
  8604 | D:8      | Found a staircase to the Lair.
  9139 | Lair:1   | Entered Level 1 of the Lair of Beasts
  9166 | Lair:1   | Received a gift from Okawaru
  9989 | Lair:1   | HP: 3/76 [river rat (9)]
  9991 | Lair:1   | Reached skill level 10 in Unarmed Combat
 10537 | Lair:1   | Reached skill level 1 in Shields
 10662 | Lair:1   | Reached skill level 5 in Stealth
 10723 | Lair:1   | Mangled by a spiny frog

Action                   |  1- 3 |  4- 6 |  7- 9 | 10-12 || total
-------------------------+-------+-------+-------+-------++-------
Melee: Unarmed           |   119 |   163 |   407 |   143 ||   832
 Cast: Beastly Appendage |    11 |       |       |       ||    11
       Spider Form       |     2 |    14 |    12 |     1 ||    29
       Blade Hands       |       |       |    20 |    10 ||    30
       Ice Form          |       |       |     1 |       ||     1
  Use: Scroll            |     3 |     3 |     9 |     4 ||    19
       Potion            |     3 |     1 |    10 |     5 ||    19
 Stab: Sleeping          |     1 |     1 |     1 |     2 ||     5
       Distracted        |       |       |       |     1 ||     1
  Eat: Bread ration      |     1 |     1 |     1 |     1 ||     4
       Chunk             |       |     3 |    15 |     5 ||    23
       Fruit             |       |       |     9 |       ||     9
       Pizza             |       |       |     1 |       ||     1
